Map: Dusk Towers

Players

Jenga - Winner!

  • Race: Terran Terran
  • League: Gold

CaptRaynor

  • Race: Terran Terran
  • League: Silver

VOD

Have the link to the VOD?

Description

Time

  • Played on: April 17, 2016, 12:08 a.m.
  • Length: 11:43
Show
View Real Time Build Order
Export as new Build Order

Jenga Terran - Winner!

Build Orders: MMM Bio 

Get SALT Encoding   

  12  0:02  SCV  
  13  0:14  SCV  
  14  0:22  Supply Depot  
  14  0:27  SCV  
  15  0:45  SCV, Barracks  
  16  0:50  Refinery  
  16  0:57  SCV  
  17  1:12  SCV  
  18  1:24  SCV  
  19  1:39  SCV  
  20  1:41  Command Center  
  20  1:45  Marine  
  21  1:51  SCV  
  22  2:00  Supply Depot  
  22  2:06  SCV  
  23  2:09  Barracks Reactor  
  23  2:12  Engineering Bay  
  23  2:33  Refinery  
  23  2:38  Orbital Command  
  23  2:45  Marine x2  
  23  2:50  Barracks  
  25  2:54  Factory  
  25  3:05  Terran Infantry Weapons Level 1  
  25  3:06  SCV  
  25  3:09  SCV  
  27  3:18  SCV  
  28  3:42  Marine x2  
  30  3:49  Barracks Tech Lab, Factory Tech Lab  
  30  3:52  Starport  
  30  3:59  SCV x2  
  30  4:00  Marine x2  
  34  4:04  Missile Turret  
  34  4:06  Missile Turret  
  34  4:11  SCV  
  34  4:12  SCV  
  36  4:20  Stimpack  
  36  4:22  Siege Tank  
  36  4:23  SCV  
  36  4:24  SCV  
  41  4:30  Marine  
  42  4:36  SCV  
  42  4:37  Orbital Command  
  43  4:43  Refinery  
  43  4:45  Refinery  
  43  4:47  Medivac  
  43  4:48  SCV  
  46  5:24  Factory Tech Lab  
  46  5:30  Barracks  
  46  5:34  Barracks  
  46  5:41  Factory Reactor  
  46  5:49  Supply Depot x2  
  46  5:50  Supply Depot  
  46  5:52  Supply Depot  
  46  5:58  Supply Depot  
  46  5:59  Terran Infantry Armor Level 1  
  46  6:03  Armory  
  46  6:10  Marine x3  
  46  6:11  SCV  
  50  6:14  Supply Depot  
  50  6:17  Supply Depot  
  50  6:18  Supply Depot  
  50  6:20  Combat Shields, Supply Depot  
  50  6:21  Barracks Reactor  
  50  6:22  Barracks Reactor  
  50  6:23  SCV  
  51  6:28  Marine x3  
  54  6:35  SCV, Siege Tank  
  54  6:36  Medivac  
  60  6:45  Medivac  
  60  6:46  Marine x3  
  65  6:47  SCV  
  65  6:51  Terran Vehicle Weapons Level 1  
  66  6:58  Marine x4  
  70  7:04  Marine x3  
  73  7:15  Marine, Siege Tank  
  76  7:16  Marine x3  
  76  7:22  Marine x3  
  83  7:33  Marine  
  83  7:34  Marine x3  
  87  7:39  Marine x3  
  90  7:51  Marine x3  
  90  7:52  Marine  
  90  7:54  Siege Tank  
  90  7:56  Medivac  
  90  7:57  Marine x3  
  97  8:09  Marine x4  
  99  8:15  Marine x3  
  99  8:16  Missile Turret  
  99  8:19  Missile Turret  
  102  8:20  Missile Turret  
  95  8:37  Missile Turret  
  89  10:37  Orbital Command  
Show
View Real Time Build Order
Export as new Build Order

CaptRaynor Terran 

Build Orders: Banshee Rush 

Get SALT Encoding   

  12  0:01  SCV  
  13  0:17  SCV  
  13  0:18  Supply Depot  
  14  0:29  SCV  
  15  0:41  SCV  
  16  0:44  Barracks  
  16  0:50  Refinery  
  16  0:54  SCV  
  17  1:17  SCV  
  18  1:30  SCV  
  18  1:31  Refinery  
  18  1:32  Supply Depot  
  19  1:43  Orbital Command  
  19  1:45  Reaper  
  20  2:06  Factory  
  21  2:08  SCV  
  21  2:21  SCV  
  22  2:33  SCV, Marine  
  24  2:38  Supply Depot  
  24  2:45  SCV  
  24  2:50  Factory Tech Lab  
  25  2:51  Starport  
  25  2:53  Marine  
  25  2:57  SCV  
  27  3:08  Supply Depot  
  27  3:12  Marine  
  28  3:32  Hellion  
  30  3:34  Marine  
  30  3:37  Banshee  
  30  3:41  Cloaking Field  
  33  3:52  Marine  
  34  4:03  Command Center  
  34  4:07  Widow Mine  
  36  4:14  Starport  
  36  4:19  Armory  
  36  4:21  SCV  
  37  4:29  Marine  
  38  4:44  SCV  
  39  4:46  Banshee  
  39  4:50  Marine  
  39  4:52  Starport Tech Lab  
  43  5:00  SCV  
  43  5:02  Supply Depot  
  44  5:07  Terran Ship Weapons Level 1  
  44  5:12  Marine  
  45  5:24  SCV x2  
  47  5:29  Refinery  
  47  5:30  Banshee x2  
  47  5:35  Marine  
  54  5:36  Factory Tech Lab  
  54  5:45  SCV x2  
  56  5:50  Supply Depot  
  56  5:53  Marine  
  60  6:01  Siege Tank  
  60  6:06  SCV x2  
  62  6:18  Banshee x2  
  68  6:22  SCV  
  68  6:25  Orbital Command  
  69  6:36  Widow Mine  
  71  6:53  SCV x2  
  73  7:11  Banshee  
  76  7:16  Banshee  
  76  7:18  Supply Depot  
  76  7:22  Siege Tank  
  82  7:33  SCV x2, Refinery  
  84  7:42  Supply Depot  
  84  8:12  Banshee x2  
  35  10:39  Orbital Command  
  26  11:17  SCV  
  12  11:30  Supply Depot  
  13  11:42  Command Center  
Tags
 
Composition
MMM Bio
Matchup
TvT
Race
Terran
Strategy
Banshee Rush
Add a new tag
Caveats
  • Supply blocks, unpowered buildings, or Contaminate may cause inaccurate times.
  • Supply counts are checked every 10 seconds.